 Dungeon Crawl Stone Soup version 0.17-a0-1133-gfb1399f (webtiles) character file.

453 Firebatgyro the Sneak (level 6, -4/47 HPs)
             Began as a Demonspawn Monk on May 26, 2015.
             Shot with an arrow by a centaur (8 damage)
             ... on level 5 of the Dungeon.
             The game lasted 00:06:59 (4065 turns).

Firebatgyro the Sneak (Demonspawn Monk)             Turns: 4065, Time: 00:06:59

Health: -4/47      AC:  5    Str: 12    XL:     6   Next: 75%
Magic:  6/6        EV: 13    Int: 12    God:
Gold:   175        SH:  0    Dex: 18    Spells: 0 memorised, 5 levels left

rFire  . . .     SeeInvis +     r - +2 dagger (freeze)
rCold  + . .     Clarity  .     v - +0 leather armour (curse)
rNeg   . . .     SustAt   .     (no shield)
rPois  .         Gourm    .     (helmet restricted)
rElec  .         Spirit   .     a - +0 cloak
rCorr  .         Warding  .     u - +0 pair of gloves
rMut   .         Stasis   .     (no boots)
MR     .....                    (no amulet)
Stlth  ++++......               k - ring of protection from cold
                                c - ring of see invisible

@: not resistant to hostile enchantments, stealthy
A: horns 2, thin skeletal structure 1
a: no special abilities


You were on level 5 of the Dungeon.
You were very hungry.

You visited 1 branch of the dungeon, and saw 5 of its levels.

You collected 175 gold pieces.

Inventory:

Hand weapons
 g - a +0 rapier
 r - a +2 dagger of freezing (weapon)
Missiles
 p - 5 tomahawks (quivered)
Armour
 a - a +0 cloak (worn)
 u - a +0 pair of gloves (worn)
 v - a cursed +0 leather armour (worn)
Jewellery
 c - a ring of see invisible (left hand)
 k - a ring of protection from cold (right hand)
Magical devices
 l - a wand of teleportation (4)
 t - a wand of enslavement (10)
Scrolls
 d - a scroll of identify
 e - 2 scrolls of fog
 n - a scroll of recharging
Potions
 h - a potion of lignification
 i - a potion of heal wounds
 m - a potion of haste {unknown}
 o - a potion of might {unknown}
Comestibles
 b - 3 bread rations
 f - 3 beef jerkies
 j - 3 meat rations
 q - a slice of pizza
 s - 2 fruits


   Skills:
 - Level 3.0 Fighting
 + Level 3.2 Short Blades
 - Level 2.6 Dodging
 + Level 5.4 Stealth
 - Level 4.4 Unarmed Combat


You had 5 spell levels left.
You didn't know any spells.

Dungeon Overview and Level Annotations

Branches:
Dungeon (5/15)
 Temple: D:4-7

Altars:

Shops:
D:4 [

Annotations:
D:4 foxkol's ghost, average TrMo


Innate Abilities, Weirdness & Mutations

You have a pair of horns on your head.
You have a somewhat thin skeletal structure (Dex +2, Stealth).


Message History

An orc comes into view.
An orc is nearby!
An orc is nearby!
A centaur comes into view.
The orc shouts!
The centaur shouts!
The centaur wields a shortbow.
The centaur shoots an arrow.
The arrow hits you.
The centaur shoots an arrow.
The arrow hits you! The orc closely misses you.
You see here an arrow.
You hit the orc. You freeze the orc.
You kill the orc!
The centaur shoots an arrow.
The arrow hits you!
The centaur shoots an arrow.
The arrow hits you!
The centaur shoots an arrow.
The arrow barely misses you.
Found an orange potion.
You see here an arrow.
The centaur shoots an arrow.
The arrow hits you!
* * * LOW HITPOINT WARNING * * *
You see here an arrow.
The centaur shoots an arrow.
The arrow hits you!
You die...

.......<...
................
................ !##.
................ ....
#................
....####................
####....c................
.........................
........@....# ####......
##.....(...## #.>....
#####..(....# ##.....
.......(....# ##.....
...........########......
####..(..................
####..................
#..................
#..#######.........


You could see a centaur.

Vanquished Creatures
  A phantom (D:5)
  2 crimson imps
  Ijyb (D:3)
  An iguana (D:4)
  3 worker ants
  8 adders
  2 oozes (D:2)
  3 worms
  4 giant geckos
  3 orcs
  3 giant cockroaches
  11 hobgoblins
  6 jackals
  A quokka (D:2)
  9 bats
  A giant gecko skeleton (D:5)
  4 giant newts
  13 goblins
  5 kobolds
  8 rats
89 creatures vanquished.

Notes
Turn   | Place    | Note
--------------------------------------------------------------
     0 | D:1      | Firebatgyro the Demonspawn Monk began the quest for the Orb.
     0 | D:1      | Reached XP level 1. HP: 18/18 MP: 1/1
    88 | D:1      | Reached skill level 4 in Unarmed Combat
   159 | D:1      | Gained mutation: You have a somewhat thin skeletal structure (Dex +2, Stealth). [demonic ancestry]
   159 | D:1      | Reached XP level 2. HP: 24/24 MP: 2/2
   587 | D:2      | Gained mutation: You have a pair of small horns on your head. [demonic ancestry]
   587 | D:2      | Reached XP level 3. HP: 16/29 MP: 3/3
  1159 | D:2      | Gained mutation: You have a pair of horns on your head. [demonic ancestry]
  1159 | D:2      | Reached XP level 4. HP: 28/35 MP: 4/4
  2423 | D:3      | Reached XP level 5. HP: 33/41 MP: 5/5
  2430 | D:3      | Reached skill level 1 in Short Blades
  2462 | D:3      | Noticed Ijyb
  2470 | D:3      | Killed Ijyb
  3400 | D:4      | Reached XP level 6. HP: 34/47 MP: 6/6
  3551 | D:4      | Found Hixtod's Armour Shop.
  3570 | D:4      | Noticed foxkol's ghost (average TrMo)
  3628 | D:5      | Entered Level 5 of the Dungeon
  3642 | D:5      | Reached skill level 5 in Stealth
  4065 | D:5      | Shot with an arrow by a centaur

Vault maps used:
D:1:      dpeg_arrival_tiny_g, dk_noncrumbling_4, kennysheep_flooded_box
D:3:      kennysheep_big_flooded_room, uniq_iyjb
D:4:      temple_fountains, serial_shops, shop, nicolae_underground_beach
D:5:      nicolae_overflow_crystal_walls, minitemple, first_bread,
          minmay_misc_feat_five

Action                   |  1- 3 |  4- 6 || total
-------------------------+-------+-------++-------
Melee: Unarmed           |    89 |    24 ||   113
       Rapier            |       |    66 ||    66
       Short sword       |       |     1 ||     1
       Dagger            |       |   108 ||   108
  Use: Scroll            |       |     8 ||     8
       Potion            |       |     2 ||     2
 Stab: Sleeping          |    14 |    13 ||    27
       Distracted        |     1 |       ||     1
  Eat: Chunk             |     1 |     8 ||     9
